 Dungeon Crawl Stone Soup version 0.22-a0-858-g985ef60 (webtiles) character file.

61 inc the Ogre Mage (level 4, 0/39 HPs)
             Began as an Ogre Ice Elementalist on July 27, 2018.
             Slain by a gnoll
             ... wielding a +0 spear
              (2 damage)
             ... on level 2 of the Dungeon.
             The game lasted 00:01:57 (1419 turns).

inc the Ogre Mage (Ogre Ice Elementalist)           Turns: 1419, Time: 00:01:58

Health: 0/39       AC:  3    Str: 13    XL:     4   Next: 7%
Magic:  5/9        EV: 10    Int: 16    God:
Gold:   26         SH:  0    Dex:  9    Spells: 9/10 levels left

rFire    . . .     SeeInvis .   k - +3 mace (holy)
rCold    . . .     Gourm    .   (no shield)
rNeg     . . .     Faith    .   a - +0 robe
rPois    .         Spirit   .   (helmet restricted)
rElec    .         Reflect  .   (no cloak)
rCorr    .         Harm     .   (gloves unavailable)
MR       .....                  (boots unavailable)
Stlth    +.........             (no amulet)
HPRegen  0.13/turn              (no ring)
MPRegen  0.11/turn              (no ring)

@: no status effects
A: large, unfitting armour, tough skin 1
a: no special abilities


You were on level 2 of the Dungeon.
You were hungry.

You visited 1 branch of the dungeon, and saw 2 of its levels.

You collected 26 gold pieces.

Inventory:

Hand Weapons
 b - a +0 dagger
 k - a +3 mace of holy wrath (weapon)
Armour
 a - a +0 robe (worn)
Scrolls
 e - a scroll of enchant weapon {unknown}
 f - 2 scrolls of fear {unknown}
 g - a scroll of blinking {unknown}
 h - a scroll of identify {unknown}
Potions
 d - a potion of heal wounds {unknown}
 i - a potion of flight {unknown}
 j - a potion of curing {unknown}
Comestibles
 c - 3 rations


   Skills:
 - Level 1.7 Dodging
 - Level 1.4 Stealth
 + Level 3.7 Spellcasting
   Level 0.8 Conjurations
 + Level 3.6 Ice Magic


You had 9 spell levels left.
You knew the following spells:

 Your Spells              Type           Power        Failure   Level  Hunger
a - Freeze                Ice            ##..         3%          1    None

Your spell library contained the following spells:

 Spells                   Type           Power        Failure   Level  Hunger
 Throw Frost              Conj/Ice       ##....       11%         2    ##.....
 Summon Ice Beast         Ice/Summ       #.......     63%         4    ####...
 Ozocubu's Armour         Chrm/Ice       #.......     24%         3    ###....
 Throw Icicle             Conj/Ice       ##......     56%         4    ####...


Dungeon Overview and Level Annotations

Branches:
Dungeon (2/15)

Altars:


Innate Abilities, Weirdness & Mutations

You are too large for most types of armour.
You have tough skin. (AC +1)


Message History

Confirm with . or Enter, or press ? or * to list all spells.
Aiming: Freeze (safe; 4% risk of failure)
Press: ? - help, Shift-Dir - straight line, f/p - gnoll
Aim: a gnoll, wielding a club (moderately wounded)
You freeze the gnoll.
The gnoll is severely wounded.
The gnoll hits you with a club!
* * * LOW HITPOINT WARNING * * *
The gnoll hits you from afar with a spear.
* * * LOW HITPOINT WARNING * * *
Casting: Freeze (safe; 4% risk of failure)
Confirm with . or Enter, or press ? or * to list all spells.
Aiming: Freeze (safe; 4% risk of failure)
Press: ? - help, Shift-Dir - straight line, f/p - gnoll
Aim: a gnoll, wielding a club (severely wounded)
You freeze the gnoll.
You kill the gnoll!
You have reached level 4!
The gnoll hits you from afar with a spear.
You die...

# #. ### #g##.##
#.....###.##
#g......... #...#
######.###
#..@)gg..##.#
#.######.##.# #.##
#.##.# #..### #.##.#
#....# #.##.# #..#(#
#.##.##
#..#.###.#...####.##
#..#................
#........#...####.#


You could see 2 gnolls.

Vanquished Creatures
  A gnoll (D:2)
  2 oozes (D:1)
  A worm (D:2)
  A dart slug (D:1)
  6 bats (D:1)
  A giant cockroach (D:1)
  3 goblins (D:1)
  6 hobgoblins (D:1)
  4 jackals (D:1)
  3 frilled lizards (D:1)
  4 kobolds (D:1)
  5 rats (D:1)
37 creatures vanquished.

Notes
Turn   | Place    | Note
-------+----------+-------------------------------------------
     0 | D:1      | inc the Ogre Ice Elementalist began the quest for the Orb.
     0 | D:1      | Reached XP level 1. HP: 16/16 MP: 3/3
   185 | D:1      | Reached XP level 2. HP: 24/24 MP: 1/5
   406 | D:1      | Reached XP level 3. HP: 16/31 MP: 3/7
  1419 | D:2      | Reached XP level 4. HP: 2/39 MP: 5/9
  1419 | D:2      | Slain by a gnoll

Vault maps used:
D:1:      lemuel_arrival_funnel
D:2:      uniq_sigmund, uniq_natasha

Skill      XL: |  1  2 |
---------------+-------+-----
Ice Magic      | 3 |  3.6
Spellcasting   | 3 |  3.7
Dodging        | |  1.7
Stealth        | |  1.4
Conjurations   | |  0.8

Action                   |  1- 3 |  4- 6 || total
-------------------------+-------+-------++-------
Melee: Dagger            |    20 |       ||    20
       Mace              |     1 |       ||     1
 Cast: Freeze            |    59 |     1 ||    60
  Eat: Chunk             |     1 |       ||     1
Armor: Robe              |    18 |       ||    18
Dodge: Dodged            |    37 |       ||    37

Table legend:
 A = Spawn XP
 B = Non-spawn XP
 C = Spawn XP percentage of total XP
 D = Spawn monster count
 E = Non-spawn monster count
 F = Spawn count percentage of total count
 G = Total turns spent on level
                    A         B        C        D         E        F      G
               +---------+---------+-------+---------+---------+-------+---------
         Total |       0 |      88 |   0.0 |       0 |      37 |   0.0 |  1419
               +---------+---------+-------+---------+---------+-------+---------
           D:1 |       0 |      70 |   0.0 |       0 |      35 |   0.0 |  1213
           D:2 |       0 |      18 |   0.0 |       0 |       2 |   0.0 |   206
               +---------+---------+-------+---------+---------+-------+---------
